 Dungeon Crawl Stone Soup version 0.25-a0-23-gdc1bd94 (webtiles) character file.

Game seed: 13911066490069260510, levelgen mode: deterministic

270 DrEnzyme the Skirmisher (level 6, -1/34 HPs)
             Began as a Vine Stalker Wanderer on Oct 16, 2019.
             Killed from afar by an orc wizard (5 damage)
             ... with a magic dart
             ... on level 4 of the Dungeon.
             The game lasted 00:08:45 (3486 turns).

DrEnzyme the Skirmisher (Vine Stalker Wanderer)     Turns: 3486, Time: 00:08:46

Health: -1/34      AC:  6    Str: 18    XL:     6   Next: 22%
Magic:  0/7        EV: 11    Int: 14    God:
Gold:   161        SH:  0    Dex: 10    Spells: 5/5 levels left

rFire    . . .     SeeInvis .   a - +2 dagger
rCold    . . .     Gourm    .   (no shield)
rNeg     . . .     Faith    .   e - +0 ring mail
rPois    .         Spirit   +   (no helmet)
rElec    .         Reflect  .   (no cloak)
rCorr    .         Harm     .   s - +0 pair of gloves
MR       .....                  (no boots)
Stlth    +.........             (no amulet)
HPRegen  0.51/turn              (no ring)
MPRegen  0.10/turn              (no ring)

@: no status effects
A: fangs 2, regeneration 1, magic shield, antimagic bite, no potion heal 3, rot
immunity
a: no special abilities


You were on level 4 of the Dungeon.
You were hungry.

You visited 1 branch of the dungeon, and saw 4 of its levels.
You also visited: Sewer.

You collected 161 gold pieces.

Inventory:

Hand Weapons
 a - a +2 dagger (weapon)
 c - a +0 spear
Armour
 e - a +0 ring mail (worn)
 m - a +0 leather armour
 s - a +0 pair of gloves (worn)
Scrolls
 b - a scroll of immolation {unknown}
 h - 2 scrolls of fear
 k - 4 scrolls of teleportation
 l - 4 scrolls of fog
 o - 2 scrolls of enchant weapon {unknown}
 p - 2 scrolls of magic mapping {unknown}
 r - 3 scrolls of remove curse
Potions
 d - 3 potions of curing
 g - a potion of mutation {unknown}
 i - 2 potions of haste {unknown}
 j - 2 potions of brilliance
 n - a potion of agility
 q - a potion of cancellation {unknown}
 t - a potion of degeneration
 u - a potion of lignification {unknown}
 v - a potion of heal wounds {unknown}
Comestibles
 f - 3 rations


   Skills:
 + Level 4.7 Fighting
 + Level 2.3 Short Blades
   Level 1.0 Crossbows
 + Level 2.4 Armour
 + Level 1.5 Dodging
 + Level 3.3 Stealth
 + Level 2.0 Unarmed Combat


You had 5 spell levels left.
You didn't know any spells.
Your spell library was empty.

Dungeon Overview and Level Annotations

Branches:
Dungeon (4/15)              Sewer (visited)
 Temple: D:4-7

Altars:
Makhleb
Nemelex Xobeh
Okawaru
Vehumet
Yredelemnul
The Shining One


Innate Abilities, Weirdness & Mutations

You have extremely sharp teeth.
Your natural rate of healing is unusually fast.
When hurt, damage is shared between your health and your magic reserves.
Your bite disrupts and absorbs the magic of your enemies.
Potions cannot restore your health.
You are immune to rotting.


Message History

The orc wizard hits you with a +0 quarterstaff.
* * * LOW HITPOINT WARNING * * *
You barely miss the orc wizard.
The orc wizard is severely wounded.
The orc wizard casts a spell at you.
You are confused.
You completely miss the orc wizard.
The orc wizard is severely wounded.
The orc wizard hits you with a +0 quarterstaff!
* * * LOW HITPOINT WARNING * * *
Your system rejects the healing.
You feel better.
The orc wizard hits you but does no damage.
Okay, then.
Sorry, you're not good enough to have a special ability.
You aren't carrying any items that you can evoke without wielding.
As you read the scroll of fear, it crumbles to dust.
You assume a fearsome visage.
The orc wizard looks frightened!
The orc wizard points at you and mumbles some strange words.
The magic dart hits you!
You die...

....... #. ....... #.
....... #. .......#####
######. ..............#
#...... ..............#
#####.##### .....[........#
# .≈........ ....(.....o...#
#. #≈≈.≈≈##. ..........)@..#
#≈##≈≈.≈≈##≈ ..........#####
#.≈≈.....≈≈.
.....!......#####.≈≈...÷.≈≈.
............+ ...........≈≈.
.....###....# #...≈≈.....≈≈.
... #....# #...≈≈.....≈≈. #
#...)#####.##≈≈≈≈≈##.
#..........##≈{≈≈≈##.
#....)......)so......


You could see an orc wizard (fleeing).

Vanquished Creatures
  An orc wizard (D:4)
  A worker ant (D:3)
  4 adders
  4 gnolls (D:3)
  6 river rats (Sewer)
  An adder skeleton (D:4)
  4 worms
  4 leopard geckos
  6 orcs
  4 hobgoblins
  A quokka (D:2)
  8 ball pythons
  4 bats
  5 frilled lizards (Sewer)
  5 goblins
  10 kobolds
  12 rats
80 creatures vanquished.

Notes
Turn   | Place    | Note
-------+----------+-------------------------------------------
     0 | D:1      | DrEnzyme the Vine Stalker Wanderer began the quest for the
                  | Orb.
     0 | D:1      | DrEnzyme set off with the following items: a +2 dagger, a
                  | potion of berserk rage, a +0 spear, a potion of curing, a
                  | +0 robe, a ration
     0 | D:1      | Reached XP level 1. HP: 12/12 MP: 2/2
   336 | D:1      | Reached skill level 4 in Fighting
   336 | D:1      | Reached XP level 2. HP: 13/17 MP: 1/3
  1127 | D:2      | Found a burning altar of Makhleb.
  1128 | D:2      | Found a radiant altar of Vehumet.
  1296 | D:2      | Reached XP level 3. HP: 7/21 MP: 1/4
  1746 | D:2      | Found an iron altar of Okawaru.
  1852 | D:3      | Found a basalt altar of Yredelemnul.
  1854 | D:3      | Noticed a profane servitor
  1875 | D:3      | Found a glowing golden altar of the Shining One.
  2004 | D:3      | Noticed an angel
  2228 | D:3      | Reached skill level 1 in Short Blades
  2228 | D:3      | Gained mutation: Your natural rate of healing is unusually
                  | fast. [Vine Stalker growth]
  2228 | D:3      | Reached XP level 4. HP: 13/26 MP: 2/5
  2333 | D:3      | Found a sparkling altar of Nemelex Xobeh.
  2378 | D:3      | Reached XP level 5. HP: 27/30 MP: 4/6
  2735 | D:3      | Reached skill level 1 in Dodging
  2898 | D:4      | Found a glowing drain.
  2911 | Sewer    | Entered a sewer
  3312 | Sewer    | Reached XP level 6. HP: 34/34 MP: 7/7
  3486 | D:4      | Killed from afar by an orc wizard

Levels and vault maps discovered:
D:1:      minmay_arrival_diagonal_passages, layout_rooms
D:2:      layout_basic, gammafunk_temple_overflow_statue, grunt_ministairs_11,
          kennysheep_okawaru_gauntlet
D:3:      layout_loops_corners, grunt_temple_overflow_holy_war,
          lemuel_crystal_altar
D:4:      layout_basic, chequers_temple_overflow_statue_of_worship,
          minmay_temple_entry_grid, cheibrodos_sewer_entry_sluice

Skill      XL: |  1  2  3  4  5 |
---------------+----------------+-----
Fighting       | 4 |  4.7
Short Blades   | 1 2 |  2.3
Stealth        | 3 |  3.3
Dodging        | 1 |  1.5
Armour         | 2 |  2.4
Crossbows      | |  1.0
Unarmed Combat | |  2.0

Action                   |  1- 3 |  4- 6 || total
-------------------------+-------+-------++-------
Melee: Dagger            |   136 |   213 ||   349
       Bite              |    26 |    41 ||    67
       Punch             |       |     1 ||     1
  Use: Scroll            |     3 |     5 ||     8
       Potion            |     3 |     1 ||     4
 Stab: Sleeping          |       |     4 ||     4
  Eat: Chunk             |     4 |     4 ||     8
Armor: Robe              |     5 |       ||     5
       Ring mail         |    48 |    82 ||   130
Dodge: Dodged            |    79 |   106 ||   185

Table legend:
 A = Non-vault XP
 B = Vault XP
 C = Vault XP percentage of total XP
 D = Non-vault monster count
 E = Vault monster count
 F = Vault count percentage of total count
                 A         B        C        D         E       F
            +---------+---------+-------+---------+---------+-------
      Total |     265 |     121 |  31.3 |      53 |      27 |  33.8
            +---------+---------+-------+---------+---------+-------
        D:1 |      16 |       0 |   0.0 |      11 |       0 |   0.0
        D:2 |      37 |       5 |  11.9 |      14 |       1 |   6.7
        D:3 |     147 |       0 |   0.0 |      20 |       0 |   0.0
        D:4 |      65 |       7 |   9.7 |       8 |       3 |  27.3
      Sewer |       0 |     109 | 100.0 |       0 |      23 | 100.0
            +---------+---------+-------+---------+---------+-------
